[ AOE2 MATCH · #506946939 ]
UnrankedKhitans vs Britons
Player's team · LOSS
Rival team · WIN
[ REPLAY ANALYSIS · EXTRACTED FROM THE RECORDED GAME ]
Feudal
10:32
Castle
15:42
Imperial
—
| APM avg | 45.7 |
| APM peak | 77 |
| eAPM avg | 22.2 |
| Villagers / military | 44 / 30 |
Focus
⚔️ 43.1% · 🌾 56.9%
Steppe Lancer ×19 · Monk ×4 · Scorpion ×3 · Battering Ram ×2 · Scout Cavalry ×2
Feudal
10:32
Castle
20:06
Imperial
—
| APM avg | 46.4 |
| APM peak | 68 |
| eAPM avg | 25.9 |
| Villagers / military | 72 / 49 |
Focus
⚔️ 45.7% · 🌾 54.3%
Archer ×24 · Spearman ×12 · Militia ×6 · Knight ×4 · Battering Ram ×2 · Scout Cavalry ×1
Match map
Initial resources + every placement click. Lines = walls · curves = elevation contours. ◆ gold · ⬟ stone · ● berries · ✦ relic · ◌ wall gap
Your base· Open — 1t gap
T90Official's base· ✓ Closed at 20:06 · 12t walls · 2 gate(s)
Smoothed initial terrain · ◌ = detected wall gap · hover for details
Inputs per minute
— pren - - T90Official
Build order — pren
136 actions detected in the replay
| 0:00 | Queue | Villager (Male) |
| 0:00 | Queue | Villager (Male) ×3 |
| 0:01 | Build | House |
| 0:03 | Build | House |
| 1:22 | Queue | Villager (Male) |
| 1:48 | Queue | Villager (Male) |
| 2:05 | Queue | Villager (Male) |
| 2:08 | Build | Lumber Camp |
| 2:42 | Queue | Villager (Male) |
| 2:54 | Queue | Villager (Male) |
| 3:37 | Queue | Villager (Male) |
| 3:54 | Build | House |
| 4:06 | Queue | Villager (Male) |
| 4:13 | Build | House |
| 4:29 | Queue | Villager (Male) |
| 4:53 | Queue | Villager (Male) |
| 4:53 | Queue | Villager (Male) |
| 5:16 | Build | Barracks |
| 5:17 | Queue | Villager (Male) |
| 5:31 | Queue | Villager (Male) |
| 6:25 | Queue | Villager (Male) |
| 6:37 | Queue | Villager (Male) |
| 7:24 | Build | Pasture |
| 7:32 | Queue | Villager (Male) |
| 7:41 | Build | House |
| 7:41 | Build | House |
| 7:46 | Research | Loom |
| 8:03 | Build | Pasture |
| 8:18 | Research | Feudal Age |
| 8:38 | Build | Pasture |
| 8:44 | Build | House |
| 10:05 | Build | Mining Camp |
| 10:10 | Queue | Villager (Male) |
| 10:10 | Queue | Villager (Male) |
| 10:32 | Age | Feudal Age |
| 10:33 | Build | Stable |
| 10:52 | Queue | Villager (Male) |
| 11:04 | Build | Blacksmith |
| 11:27 | Build | House |
| 12:08 | Build | Stone Wall |
| 12:10 | Build | Stone Wall |
| 12:12 | Build | Stone Wall |
| 12:13 | Build | Stone Wall |
| 12:15 | Build | House |
| 12:20 | Build | Stone Wall |
| 12:22 | Queue | Villager (Male) |
| 12:30 | Queue | Scout Cavalry |
| 13:02 | Research | Castle Age |
| 13:12 | Queue | Scout Cavalry |
| 13:22 | Build | House |
| 13:23 | Build | House |
| 13:39 | Build | Watch Tower |
| 13:52 | Build | Stable |
| 14:07 | Build | Stone Wall |
| 14:10 | Build | Stone Wall |
| 14:21 | Build | House |
| 14:22 | Build | House |
| 14:27 | Research | Double-Bit Axe |
| 14:35 | Build | Stone Wall |
| 14:35 | Build | Stone Wall |
| 14:45 | Research | Gold Mining |
| 14:51 | Queue | Villager (Male) |
| 15:00 | Build | House |
| 15:05 | Research | Scale Barding Armor |
| 15:31 | Build | House |
| 15:42 | Age | Castle Age |
| 15:44 | Queue | Steppe Lancer |
| 15:44 | Queue | Steppe Lancer |
| 16:09 | Build | Monastery |
| 16:28 | Queue | Villager (Male) |
| 16:33 | Queue | Villager (Male) |
| 16:40 | Queue | Steppe Lancer |
| 16:41 | Queue | Steppe Lancer |
| 16:50 | Queue | Steppe Lancer |
| 17:15 | Queue | Monk |
| 17:19 | Queue | Steppe Lancer |
| 17:35 | Build | Pasture |
| 17:41 | Queue | Villager (Male) |
| 17:54 | Build | Pasture |
| 18:14 | Queue | Villager (Male) |
| 18:23 | Queue | Monk |
| 18:33 | Queue | Villager (Male) |
| 18:36 | Build | Siege Workshop |
| 18:56 | Queue | Steppe Lancer |
| 19:09 | Queue | Villager (Male) |
| 19:16 | Queue | Monk |
| 19:40 | Queue | Villager (Male) |
| 19:52 | Build | Lumber Camp |
| 19:54 | Build | Lumber Camp |
| 19:59 | Build | Pasture |
| 20:03 | Build | Lumber Camp |
| 20:07 | Queue | Steppe Lancer |
| 20:14 | Queue | Scorpion |
| 20:17 | Build | House |
| 20:17 | Queue | Villager (Male) |
| 20:33 | Queue | Villager (Male) |
| 20:50 | Queue | Steppe Lancer |
| 21:02 | Queue | Villager (Male) |
| 21:18 | Queue | Villager (Male) |
| 21:42 | Queue | Battering Ram |
| 21:43 | Queue | Villager (Male) |
| 21:47 | Build | Siege Workshop |
| 21:53 | Queue | Villager (Male) |
| 22:03 | Queue | Steppe Lancer |
| 22:08 | Queue | Steppe Lancer |
| 22:28 | Queue | Steppe Lancer |
| 22:28 | Queue | Steppe Lancer |
| 22:43 | Build | Stone Wall |
| 22:46 | Build | Mill |
| 22:50 | Queue | Steppe Lancer |
| 23:07 | Build | House |
| 23:08 | Queue | Villager (Male) |
| 23:41 | Queue | Monk |
| 23:43 | Queue | Villager (Male) |
| 23:43 | Queue | Villager (Male) |
| 24:04 | Queue | Villager (Male) |
| 24:07 | Build | Market |
| 24:09 | Queue | Battering Ram |
| 24:17 | Queue | Villager (Male) |
| 24:36 | Queue | Scorpion |
| 24:41 | Build | House |
| 24:49 | Build | Lumber Camp |
| 24:52 | Queue | Steppe Lancer |
| 24:56 | Queue | Steppe Lancer |
| 24:59 | Build | Pasture |
| 24:59 | Build | Pasture |
| 25:00 | Build | Pasture |
| 25:13 | Queue | Villager (Male) |
| 25:43 | Queue | Scorpion |
| 25:58 | Queue | Steppe Lancer |
| 25:58 | Queue | Steppe Lancer |
| 26:13 | Build | Town Center |
| 26:14 | Queue | Villager (Male) |
| 26:22 | Build | Town Center |
| 26:26 | Build | Town Center |
| 26:40 | Queue | Steppe Lancer |
Build order — T90Official
First 150 of 195 actions detected
| 0:00 | Queue | Villager (Male) ×4 |
| 0:01 | Build | House |
| 0:02 | Build | House |
| 1:18 | Queue | Villager (Male) |
| 1:38 | Queue | Villager (Male) |
| 2:04 | Queue | Villager (Male) |
| 2:28 | Queue | Villager (Male) |
| 2:30 | Queue | Villager (Male) |
| 3:13 | Queue | Villager (Male) |
| 3:15 | Build | House |
| 3:17 | Build | Barracks |
| 3:19 | Queue | Villager (Male) |
| 4:27 | Queue | Villager (Male) |
| 4:36 | Queue | Militia |
| 4:36 | Queue | Militia |
| 4:53 | Queue | Villager (Male) |
| 4:55 | Build | House |
| 5:13 | Queue | Villager (Male) |
| 5:17 | Build | Mill |
| 5:26 | Queue | Villager (Male) |
| 5:29 | Queue | Militia |
| 5:29 | Queue | Militia |
| 5:35 | Queue | Villager (Male) |
| 5:54 | Build | House |
| 6:07 | Queue | Villager (Male) |
| 6:08 | Queue | Villager (Male) |
| 6:23 | Queue | Villager (Male) |
| 6:40 | Queue | Villager (Male) |
| 7:12 | Research | Loom |
| 7:17 | Build | Lumber Camp |
| 8:14 | Research | Feudal Age |
| 8:53 | Build | Mining Camp |
| 9:17 | Queue | Militia |
| 9:19 | Queue | Villager (Male) |
| 9:41 | Queue | Militia |
| 10:04 | Build | House |
| 10:14 | Queue | Villager (Male) |
| 10:32 | Age | Feudal Age |
| 10:33 | Build | Archery Range |
| 10:35 | Research | Man-at-Arms (upgrade) |
| 10:35 | Research | Man-at-Arms (upgrade) |
| 10:36 | Research | Double-Bit Axe |
| 10:36 | Research | Double-Bit Axe |
| 10:41 | Queue | Villager (Male) |
| 10:57 | Research | Arson |
| 11:16 | Queue | Archer |
| 11:17 | Queue | Spearman |
| 11:24 | Queue | Villager (Male) |
| 11:27 | Build | Farm |
| 11:28 | Build | Farm |
| 11:30 | Build | Farm |
| 11:42 | Queue | Archer |
| 11:47 | Queue | Villager (Male) |
| 11:53 | Build | House |
| 12:01 | Queue | Villager (Male) |
| 12:15 | Queue | Spearman |
| 12:18 | Build | Farm |
| 12:31 | Queue | Villager (Male) |
| 12:33 | Build | House |
| 12:34 | Queue | Villager (Male) |
| 12:46 | Build | Farm |
| 12:48 | Queue | Spearman |
| 12:55 | Queue | Villager (Male) |
| 12:57 | Build | Farm |
| 12:57 | Queue | Villager (Male) |
| 13:07 | Queue | Spearman |
| 13:16 | Build | Farm |
| 13:38 | Build | Farm |
| 13:46 | Build | Farm |
| 13:56 | Build | Farm |
| 13:58 | Build | House |
| 14:14 | Queue | Archer |
| 14:15 | Queue | Spearman |
| 14:23 | Queue | Villager (Male) |
| 14:26 | Build | Palisade Gate |
| 14:38 | Queue | Spearman |
| 14:43 | Build | House |
| 14:47 | Build | Farm |
| 14:49 | Queue | Archer |
| 15:03 | Queue | Villager (Male) |
| 15:05 | Build | Farm |
| 15:06 | Queue | Villager (Male) |
| 15:33 | Build | Blacksmith |
| 15:34 | Queue | Villager (Male) |
| 15:53 | Build | Farm |
| 16:02 | Build | Farm |
| 16:14 | Build | Watch Tower |
| 16:15 | Queue | Villager (Male) |
| 16:29 | Queue | Archer |
| 16:36 | Build | Lumber Camp |
| 16:40 | Queue | Archer |
| 16:48 | Queue | Villager (Male) |
| 17:04 | Build | Farm |
| 17:05 | Queue | Archer |
| 17:19 | Build | Farm |
| 17:26 | Research | Castle Age |
| 17:27 | Queue | Archer |
| 17:33 | Build | House |
| 17:35 | Build | Palisade Wall |
| 17:36 | Build | Palisade Wall |
| 17:37 | Queue | Archer |
| 17:43 | Build | Palisade Wall |
| 17:45 | Build | Palisade Wall |
| 17:47 | Build | Palisade Wall |
| 17:47 | Build | Palisade Wall |
| 17:52 | Build | House |
| 17:52 | Build | House |
| 17:56 | Research | Scale Mail Armor |
| 18:21 | Build | Palisade Gate |
| 18:22 | Queue | Spearman |
| 18:23 | Queue | Spearman |
| 18:25 | Research | Fletching |
| 18:25 | Research | Fletching |
| 18:34 | Build | Stable |
| 18:39 | Build | House |
| 18:41 | Build | House |
| 18:51 | Queue | Archer |
| 18:55 | Build | Palisade Wall |
| 19:03 | Queue | Spearman |
| 19:03 | Queue | Spearman |
| 19:08 | Queue | Spearman |
| 19:22 | Queue | Spearman |
| 19:26 | Queue | Scout Cavalry |
| 19:53 | Build | Market |
| 20:02 | Queue | Villager (Male) |
| 20:06 | Age | Castle Age |
| 20:20 | Research | Bodkin Arrow |
| 20:20 | Research | Bodkin Arrow |
| 20:25 | Build | Farm |
| 20:29 | Build | Farm |
| 20:33 | Queue | Villager (Male) |
| 20:34 | Build | Farm |
| 20:44 | Queue | Villager (Male) |
| 20:50 | Queue | Villager (Male) |
| 21:14 | Queue | Villager (Male) ×2 |
| 21:21 | Build | Town Center |
| 21:22 | Queue | Villager (Male) |
| 21:38 | Research | Bow Saw |
| 21:39 | Research | Bow Saw |
| 21:49 | Build | Farm |
| 21:50 | Queue | Villager (Male) |
| 21:57 | Research | Crossbowman (upgrade) |
| 22:01 | Queue | Villager (Male) |
| 22:10 | Queue | Archer |
| 22:25 | Queue | Villager (Male) |
| 22:26 | Build | Farm |
| 22:37 | Build | Farm |
| 22:38 | Build | Farm |
| 22:51 | Queue | Villager (Male) |
| 22:55 | Queue | Villager (Male) ×2 |
Match timeline
| 3:17 | T90Official · first_building Barracks |
| 5:16 | pren · first_building Barracks |
| 10:32 | T90Official · age_up feudal |
| 10:32 | pren · age_up feudal |
| 10:33 | pren · first_building Stable |
| 10:33 | T90Official · first_building Archery Range |
| 12:08 | pren · wall_segment Stone Wall x1 |
| 12:10 | pren · wall_segment Stone Wall x1 |
| 12:12 | pren · wall_segment Stone Wall x1 |
| 12:13 | pren · wall_segment Stone Wall x1 |
| 12:20 | pren · wall_segment Stone Wall x1 |
| 14:07 | pren · wall_segment Stone Wall x1 |
| 14:10 | pren · wall_segment Stone Wall x1 |
| 14:35 | pren · wall_segment Stone Wall x1 |
| 14:35 | pren · wall_segment Stone Wall x1 |
| 15:42 | pren · age_up castle |
| 16:09 | pren · first_building Monastery |
| 17:35 | T90Official · wall_segment Palisade Wall x1 |
| 17:36 | T90Official · wall_segment Palisade Wall x1 |
| 17:43 | T90Official · wall_segment Palisade Wall x6 |
| 17:45 | T90Official · wall_segment Palisade Wall x1 |
| 17:47 | T90Official · wall_segment Palisade Wall x1 |
| 17:47 | T90Official · wall_segment Palisade Wall x1 |
| 18:34 | T90Official · first_building Stable |
| 18:36 | pren · first_building Siege Workshop |
| 18:55 | T90Official · wall_segment Palisade Wall x1 |
| 20:06 | T90Official · age_up castle |
| 21:19 | T90Official · first_market_buy 100 stone |
| 22:43 | pren · wall_segment Stone Wall x1 |
| 24:24 | T90Official · first_building Siege Workshop |
| 26:10 | pren · first_market_sell 100 wood |
| 26:11 | pren · first_market_buy 100 stone |
| 26:30 | T90Official · first_building Monastery |
| 26:49 | pren · resign |
[ AI ANALYSIS · 1 CREDIT ]
What really happened in this match?
Wolo.gg analyzes every decision: build order, eco, micro, common mistakes by bracket. Personalized analysis on WhatsApp or Discord in 30 seconds.
Civ guide
Khitans
Perfil
Jugador #2014691